 Dungeon Crawl Stone Soup version 0.27.0-1-g7a089689b8 (webtiles) character file.

Game seed: 9109708781363210658

1416 freelancePsychic the Archer (level 8, -2/90 HPs)
             Began as a Barachi Hunter on Aug 1, 2021.
             Was a Follower of Okawaru.
             Slain by an orc warrior (9 damage)
             ... on level 5 of the Dungeon.
             The game lasted 00:17:56 (7782 turns).

freelancePsychic the Archer (Barachi Hunter)        Turns: 7782, Time: 00:17:56

Health: -2/90      AC: 15    Str: 17    XL:     8   Next: 71%
Magic:  6/8        EV:  8    Int: 13    God:    Okawaru [*.....]
Gold:   271        SH:  0    Dex: 12    Spells: 7/7 levels left

rFire    . . .     SeeInvis .   g - +0 dagger
rCold    . . .     Faith    .   (no shield)
rNeg     . . .     Spirit   .   p - +0 plate armour
rPois    .         Reflect  .   n - +0 helmet
rElec    .         Harm     .   (no cloak)
rCorr    .         Rampage  .   (no gloves)
Will     .....                  (no boots)
Stlth    ..........             (no amulet)
HPRegen  0.25/turn              (no ring)
MPRegen  0.11/turn              (no ring)

@: berserking, heroic, hasted, very quick
A: amphibious, slowness 1, strong legs 1, +LOS, clever 1, frail 1
a: Hop, Renounce Religion, Heroism


You were on level 5 of the Dungeon.
You worshipped Okawaru.
Okawaru was aware of your devotion.
You visited 1 branch of the dungeon, and saw 6 of its levels.
You also visited: Ossuary.

You collected 271 gold pieces.

Inventory:

Hand Weapons
 a - a +2 shortbow
 b - a +0 hunting sling
 g - a +0 dagger (weapon)
 q - a +0 fustibalus
Missiles
 h - 133 stones
Armour
 i - a +0 ring mail
 n - a +0 helmet (worn)
 p - a +0 plate armour (worn)
Scrolls
 k - 2 scrolls of amnesia
 o - a scroll of enchant armour
 r - a scroll of vulnerability
Potions
 e - a potion of cancellation {unknown}
 f - a potion of heal wounds {unknown}
 l - a potion of haste {@q3}
 m - a potion of magic
 t - a potion of berserk rage
 u - a potion of invisibility {unknown}
 v - a potion of mutation
 w - a potion of brilliance {unknown}
 x - a potion of lignification {unknown}
 z - a potion of attraction {unknown}
 A - 2 potions of might {unknown}


   Skills:
 + Level 7.1(12.1) Fighting
 * Level 8.5(13.5) Bows
 - Level 4.9(9.9) Armour
 - Level 2.1(7.1) Dodging
 - Level 0.8(5.8) Stealth
 + Level 1.1 Invocations


You had 7 spell levels left.
You didn't know any spells.
Your spell library contained the following spells:

 Spells                   Type           Power      Damage    Failure   Level
 Sandblast                Erth           0%         2d4       100%        1
 Sting                    Tmut/Pois      0%         1d3       100%        1
 Passwall                 Tmut/Erth      0%         N/A       100%        2
 Poisonous Vapours        Pois/Air       0%         N/A       100%        2
 Olgreb's Toxic Radiance  Pois           0%         N/A       100%        4
 Lee's Rapid Deconstruct  Erth           0%         3d5*      100%        5


Dungeon Overview and Level Annotations

Branches:
Dungeon (6/15)             Temple (0/1) D:6         Ossuary (visited)

Altars:
Dithmenos
Fedhas
Makhleb
Nemelex Xobeh
Okawaru
Xom

Annotations:
D:3 Grinder
D:4 1 runed translucent door, Papr's ghost, amateur DsGl
D:5 2 runed translucent doors, JBAR's ghost, amateur GnFi


Innate Abilities, Weirdness & Mutations

You are amphibious.
You cover ground slowly.
You can hop short distances.
You have an extended range of vision and can be seen from far away.
Your mind is acute. (Int +2)
You are frail. (-10% HP)


Message History

The stone barely misses the orc warrior.
Fire: 137 stones
Press: ? - help, Q - select action, (/) - cycle Shift-Dir - straight line, f/p - orc warrior
Aim: an orc warrior, wielding a +0 war axe, wearing a +0 plate armour, wearing a +6 ring of dexterity and carrying a wand of polymorph (1) (almost dead, 63% to hit)
You shoot a stone.
The stone barely misses the orc warrior.
The orc warrior barely misses you.
Fire: 136 stones
Press: ? - help, Q - select action, (/) - cycle Shift-Dir - straight line, f/p - orc warrior
Aim: an orc warrior, wielding a +0 war axe, wearing a +0 plate armour, wearing a +6 ring of dexterity and carrying a wand of polymorph (1) (almost dead, 60% to hit)
You shoot a stone.
The stone closely misses the orc warrior.
The orc warrior barely misses you.
Fire: 135 stones
Press: ? - help, Q - select action, (/) - cycle Shift-Dir - straight line, f/p - orc warrior
Aim: an orc warrior, wielding a +0 war axe, wearing a +0 plate armour, wearing a +6 ring of dexterity and carrying a wand of polymorph (1) (almost dead, 63% to hit)
You shoot a stone.
The stone barely misses the orc warrior.
The orc warrior hits you but does no damage.
Fire: 134 stones
Press: ? - help, Q - select action, (/) - cycle Shift-Dir - straight line, f/p - orc warrior
Aim: an orc warrior, wielding a +0 war axe, wearing a +0 plate armour, wearing a +6 ring of dexterity and carrying a wand of polymorph (1) (severely wounded, 63% to hit)
You shoot a stone.
The stone hits the orc warrior but does no damage.
The orc warrior is severely wounded.
Fire: 133 stones
Press: ? - help, Q - select action, (/) - cycle Shift-Dir - straight line, f/p - orc warrior
Aim: an orc warrior, wielding a +0 war axe, wearing a +0 plate armour, wearing a +6 ring of dexterity and carrying a wand of polymorph (1) (severely wounded, 63% to hit)
Okay, then.
It was a potion of mutation.
You feel extremely strange.
You feel frail.
You feel clever. The orc warrior closely misses you.
Okay, then.
It was a potion of berserk rage.
A red film seems to cover your vision as you go berserk!
You feel yourself moving faster!
You feel mighty!
g - a +0 dagger (weapon)
You feel a strong urge to attack something.
The orc warrior hits you with a +0 war axe!
You die...

#.# #.# #.#.##.# #.#########
##.# #.# #.#.##.# #.#
...######.# #[#.##.# #.#
..........# #.#.##.###.#######
##############.#.##...........#
#..........#.#####.#
#..##(####.#.# #.# # #..##o#
#.#.# ##)## # #..##@# #.#.#
##...## #
#..##.####.#.###.....# #
#..........#....<..... #
#..........#####.....# #
#..........# ##...## #
#..........# #####.## #
#..........# #.....# #
#.........## #.##### #
#.........####.#


You could see an orc warrior.

Vanquished Creatures
  Menkaure (D:5)
  A water moccasin (D:5)
  An ice beast (D:4)
  2 black bears (D:4)
  2 ogres
  A centaur (D:6)
  A scorpion (D:6)
  A wyvern zombie (D:5)
  2 water moccasin zombies
  A centaur zombie (D:5)
  A bullfrog skeleton (D:5)
  A hound (D:3)
  2 iguanas (D:5)
  2 orc wizards
  A hound zombie (D:5)
  4 mummies (Ossuary)
  6 adders
  A white imp (D:5)
  2 dart slugs
  4 worms
  6 orcs
  7 endoplasms
  2 giant cockroaches
  5 gnoll zombies (Ossuary)
  8 goblins
  3 hobgoblins
  4 quokkas
  4 ball pythons
  6 bats
  3 frilled lizards (D:1)
  3 gnoll skeletons (Ossuary)
  6 goblin skeletons (Ossuary)
  4 goblin zombies (Ossuary)
  2 hobgoblin skeletons (Ossuary)
  4 hobgoblin zombies (Ossuary)
  A jackal zombie (D:5)
  4 kobolds
  4 kobold skeletons (Ossuary)
  5 kobold zombies
  6 orc skeletons (Ossuary)
  2 orc zombies (Ossuary)
  24 rats
  4 rat skeletons (Ossuary)
  6 rat zombies (Ossuary)
160 creatures vanquished.

Vanquished Creatures (others)
  2 withered plants (D:4)
2 creatures vanquished.

Grand Total: 162 creatures vanquished

Notes
Turn   | Place    | Note
-------+----------+-------------------------------------------
     0 | D:1      | freelancePsychic the Barachi Hunter began the quest for the
                  | Orb.
     0 | D:1      | Reached XP level 1. HP: 17/17 MP: 1/1
   347 | D:1      | Reached XP level 2. HP: 22/23 MP: 2/2
  1228 | D:1      | Reached XP level 3. HP: 29/29 MP: 3/3
  2272 | D:2      | Reached XP level 4. HP: 33/37 MP: 4/4
  2657 | D:3      | Reached skill level 5 in Bows
  2906 | D:3      | Reached XP level 5. HP: 36/43 MP: 5/5
  3005 | D:4      | Found a sparkling altar of Nemelex Xobeh.
  3023 | D:4      | Found an iron altar of Okawaru.
  3023 | D:4      | Found a blossoming altar of Fedhas.
  3023 | D:4      | Found a burning altar of Makhleb.
  3025 | D:4      | Found a shimmering altar of Xom.
  3032 | D:4      | Became a worshipper of Warmaster Okawaru
  3097 | D:4      | Noticed a black bear
  3438 | D:3      | Noticed Grinder
  3440 | D:3      | Noticed an ogre
  3440 | D:3      | Paralysed by Grinder for 4 turns
  3542 | D:4      | Killed a black bear
  3543 | D:4      | Reached skill level 1 in Armour
  3543 | D:4      | Reached XP level 6. HP: 20/50 MP: 6/6
  3752 | D:4      | Noticed a black bear
  3767 | D:4      | Noticed an ice beast
  3777 | D:4      | Killed an ice beast
  3778 | D:4      | Reached skill level 5 in Fighting
  3778 | D:4      | Reached skill level 6 in Bows
  3946 | D:4      | Killed a black bear
  4161 | D:4      | Found a runed translucent door.
  4161 | D:4      | Noticed Papr's ghost (amateur DsGl)
  4202 | D:4      | Reached XP level 7. HP: 44/56 MP: 7/7
  4699 | D:5      | Entered Level 5 of the Dungeon
  4984 | D:5      | Found a sand-covered staircase.
  5001 | Ossuary  | Entered an ossuary
  5482 | Ossuary  | Reached * piety under Okawaru
  5805 | D:5      | Reached skill level 7 in Bows
  6210 | D:5      | Reached XP level 8. HP: 45/64 MP: 8/8
  6317 | D:5      | Noticed Menkaure
  6318 | D:5      | Killed Menkaure
  6325 | D:5      | Found a shadowy altar of Dithmenos.
  6584 | D:5      | Found a large runed translucent door.
  6585 | D:5      | Found a large runed translucent door.
  6588 | D:5      | Noticed JBAR's ghost (amateur GnFi)
  6916 | D:5      | Reached skill level 8 in Bows
  7166 | D:6      | Found a staircase to the Ecumenical Temple.
  7425 | D:6      | Reached skill level 1 in Invocations
  7773 | D:5      | HP: 3/67 [orc warrior (18)]
  7780 | D:5      | Gained mutation: You are frail. (-10% HP) [potion of
                  | mutation]
  7780 | D:5      | Gained mutation: Your mind is acute. (Int +2) [potion of
                  | mutation]
  7782 | D:5      | Slain by an orc warrior

Illustrated notes

Levels and vault maps discovered:
D:1:      minmay_arrival_arboretum_small, layout_loops_ring,
          wander_ebering_terrifying_dragon_lair
D:2:      layout_rooms
D:3:      layout_basic, uniq_crazy_yiuf_cottage, uniq_grinder
D:4:      layout_basic, minitemple, gammafunk_ghost_grave,
          minmay_misc_feat_tower, minmay_rat_hole
D:5:      layout_loops_ring, mainiacjoe_overflow_alcove_4, enter_ossuary_3,
          ebering_ghost_disaster_area, uniq_menkaure
D:6:      layout_rooms, minmay_temple_entry_stoned_glass, serial_shops, shop

Skill      XL: |  1  2  3  4  5  6  7  8 |
---------------+-------------------------+-----
Fighting       | 3 4 5 6 7 |  7.1
Bows           | 5 6 7 8 |  8.5
Armour         | 1 2 4 |  4.9
Invocations    | 1 |  1.1
Dodging        | |  2.1
Stealth        | |  0.8

Action                   |  1- 3 |  4- 6 |  7- 9 || total
-------------------------+-------+-------+-------++-------
Melee: Dagger            |    25 |    19 |       ||    44
 Fire: Shortbow          |    53 |    20 |    21 ||    94
       Hunting sling     |    81 |    57 |   136 ||   274
       Fustibalus        |       |    68 |   220 ||   288
Invok: Heroism           |       |       |     6 ||     6
 Abil: Hop               |       |     3 |     3 ||     6
  Use: Scroll            |       |     5 |     5 ||    10
       Potion            |       |     1 |     4 ||     5
Armor: Leather armour    |    12 |       |       ||    12
       Ring mail         |     6 |    39 |       ||    45
       Plate armour      |       |    52 |   149 ||   201
Dodge: Dodged            |    40 |    50 |    67 ||   157
